 Dungeon Crawl Stone Soup version 0.28.0-53-g5a82cb258f (webtiles) character file.

Game seed: 11605915767196980174

368 Sin92 the Skirmisher (level 6, 0/48 HPs)
             Began as a Demonspawn Fighter on June 5, 2022.
             Slain by a gnoll shaman
             ... wielding a +0 whip
              (9 damage)
             ... on level 4 of the Dungeon.
             The game lasted 00:03:43 (4236 turns).

Sin92 the Skirmisher (Demonspawn Fighter)           Turns: 4236, Time: 00:03:43

Health: 0/48       AC:  8    Str: 16    XL:     6   Next: 41%
Magic:  6/6        EV: 10    Int: 15    God:
Gold:   133        SH:  5    Dex: 15    Spells: 5/5 levels left

rFire   . . .      SeeInvis .   k - +3 whip
rCold   . . .      Faith    .   c - +0 buckler
rNeg    . . .      Spirit   .   b - +0 scale mail
rPois   .          Reflect  .   (no helmet)
rElec   .          Harm     .   (no cloak)
rCorr   .          Rampage  .   (no gloves)
Will    .....                   (no boots)
Stlth   ..........              (no amulet)
HPRegen 0.16/turn               e - +6 ring of intelligence
MPRegen 0.10/turn               (no ring)

@: lit by a corona, glowing
A: thin metallic scales 1, weakness stinger 1
a: no special abilities


You were on level 4 of the Dungeon.
You visited 1 branch of the dungeon, and saw 4 of its levels.

You collected 133 gold pieces.

Inventory:

Hand Weapons
 a - a +0 war axe
 k - a +3 whip (weapon)
Armour
 b - a +0 scale mail (worn)
 c - a +0 buckler (worn)
Jewellery
 e - a +6 ring of intelligence (left hand)
Scrolls
 d - a scroll of blinking {unknown}
 f - 2 scrolls of teleportation
 i - 2 scrolls of noise
 j - 2 scrolls of identify
Potions
 g - a potion of haste {unknown}
 h - a potion of mutation {unknown}
 l - a potion of lignification {unknown}
 m - a potion of attraction {unknown}
 o - a potion of brilliance {unknown}


   Skills:
 + Level 4.0 Fighting
 - Level 2.2(2.9) Axes
 * Level 2.5(3.0) Maces & Flails
 + Level 3.6 Armour
 + Level 2.3 Dodging
 + Level 3.6 Shields


You had 5 spell levels left.
You didn't know any spells.
Your spell library contained the following spells:

 Spells                   Type           Power      Damage    Failure   Level
 Sandblast                Erth           0%         2d4       77%         1
 Summon Small Mammal      Summ           0%         N/A       77%         1
 Passwall                 Tmut/Erth      0%         N/A       88%         2
 Call Canine Familiar     Summ           0%         N/A       98%         3
 Stone Arrow              Conj/Erth      0%         3d7       98%         3
 Summon Guardian Golem    Hex/Summ       0%         N/A       98%         3


Dungeon Overview and Level Annotations

Branches:
Dungeon (4/15)
 Temple: D:4-7

Altars:
Ashenzari
Gozag
Makhleb
Xom
Yredelemnul


Innate Abilities, Weirdness & Mutations

You are partially covered in thin metallic scales. (AC +2)
You have a small tail.


Message History

You hit the gnoll shaman.
The gnoll shaman is moderately wounded.
The gnoll shaman closely misses you.
The gnoll hits you from afar with a +0 spear.
You hit the gnoll shaman but do no damage.
You tail-slap the gnoll shaman.
The gnoll shaman is heavily wounded.
The gnoll shaman hits you with a +0 whip.
The gnoll hits you from afar with a +0 spear.
You hit the gnoll shaman.
The gnoll shaman is heavily wounded.
You block the gnoll's attack.
The gnoll shaman hits you with a +0 whip.
You hit the gnoll shaman.
The gnoll shaman is severely wounded.
The gnoll hits you from afar with a +0 spear.
The gnoll shaman hits you but does no damage.
You hit the gnoll shaman but do no damage.
The gnoll shaman is severely wounded.
The gnoll hits you from afar with a +0 spear.
The gnoll shaman hits you with a +0 whip!
* * * LOW HITPOINT WARNING * * *
You barely miss the gnoll shaman.
You tail-slap the gnoll shaman, but do no damage.
The gnoll shaman is severely wounded.
The gnoll barely misses you. The gnoll shaman barely misses you.
You hit the gnoll shaman.
The gnoll shaman is severely wounded.
The gnoll hits you but does no damage. The gnoll shaman misses you.
Unknown command.
You hit the gnoll shaman.
The gnoll shaman is almost dead.
The gnoll completely misses you.
The gnoll shaman hits you with a +0 whip.
* * * LOW HITPOINT WARNING * * *
You hit the gnoll shaman.
Your tail-slap misses the gnoll shaman.
The gnoll shaman is almost dead.
The gnoll hits you but does no damage.
The gnoll shaman hits you with a +0 whip!
You die...

#.### #...############## #.......
###.##...........# #......
....##.#########.# #.....#
........# #.# ###.....# ........#
#.# #.......# ........# #§#
#.......#### ........#
#####§#####....#.##... ..........
..##@#...#....#.##...
........#####.##g#...#....#.#....
..............##g#...#....#.#.###
................g)...............
.........>..>.............#.#.##.
..######......###.........#.#....
..# #........# #.........#.#####
..# #.#......# #.....#####.#####
######.##.###.# ##...## #.#....


You could see a gnoll shaman and a gnoll.

Vanquished Creatures
  Blork the orc (D:4)
  A water moccasin skeleton (D:4)
  A crimson imp (D:3)
  2 hounds (D:4)
  An orc wizard (D:4)
  A gnoll (D:4)
  5 adders
  An ufetubus (D:4)
  A worm (D:4)
  A dart slug (D:1)
  7 orcs
  3 bats
  3 endoplasms
  2 giant cockroaches
  2 hobgoblins
  11 jackals
  4 quokkas
  3 ball pythons
  A frilled lizard (D:1)
  8 goblins
  7 kobolds
  2 rats
68 creatures vanquished.

Notes
Turn   | Place    | Note
-------+----------+-------------------------------------------
     0 | D:1      | Sin92 the Demonspawn Fighter began the quest for the Orb.
     0 | D:1      | Reached XP level 1. HP: 18/18 MP: 1/1
   371 | D:1      | Gained mutation: You have a small tail. [demonic ancestry]
   371 | D:1      | Reached XP level 2. HP: 24/24 MP: 2/2
   976 | D:2      | Reached skill level 1 in Dodging
   976 | D:2      | Gained mutation: You are partially covered in thin metallic
                  | scales. (AC +2) [demonic ancestry]
   976 | D:2      | Reached XP level 3. HP: 22/29 MP: 3/3
  1291 | D:2      | Found a broken altar of Ashenzari.
  2116 | D:3      | Found an opulent altar of Gozag.
  2293 | D:3      | Reached XP level 4. HP: 35/35 MP: 4/4
  2767 | D:3      | Found a faded altar of an unknown god.
  2785 | D:3      | Found a burning altar of Makhleb.
  2786 | D:3      | Found a shimmering altar of Xom.
  2790 | D:3      | Reached skill level 1 in Maces & Flails
  2991 | D:4      | Reached XP level 5. HP: 26/42 MP: 5/5
  3279 | D:4      | Noticed Blork the orc
  3290 | D:4      | Killed Blork the orc
  3291 | D:4      | Reached XP level 6. HP: 39/48 MP: 6/6
  3371 | D:4      | Reached skill level 4 in Fighting
  3524 | D:4      | Found a basalt altar of Yredelemnul.
  4236 | D:4      | Slain by a gnoll shaman

Illustrated notes

Levels and vault maps discovered:
D:1:      minmay_arrival_arboretum_large, layout_loops_ring
D:2:      layout_loops_corners, basic_altar
D:3:      layout_basic, grunt_temple_overflow_champion_of_chaos,
          mainiacjoe_overflow_paths, shapermc_ecumenical_altar_pompeii
D:4:      layout_basic, mainiacjoe_overflow_concentric_impassable,
          uniq_blork_the_orc

Skill      XL: |  1  2  3  4  5  6 |
---------------+-------------------+-----
Axes           | 2 |  2.2
Dodging        | 1 2 |  2.3
Shields        | 3 |  3.6
Armour         | 3 |  3.6
Maces & Flails | 1 2 |  2.5
Fighting       | 4 |  4.0

Action                   |  1- 3 |  4- 6 || total
-------------------------+-------+-------++-------
Melee: War axe           |   101 |       ||   101
       Tailslap          |    11 |    16 ||    27
       Whip              |     5 |   156 ||   161
  Use: Potion            |       |     3 ||     3
       Scroll            |       |     3 ||     3
Armor: Scale mail        |    60 |    69 ||   129
Dodge: Dodged            |    58 |    73 ||   131
Block: Buckler           |    38 |    47 ||    85
